 Dungeon Crawl Stone Soup version 0.27-a0-562-g0d39f094a4 (webtiles) character file.

Game seed: 7414485602056834725

1666 rednaxela the Destroyer (level 9, -4/45 HPs)
             Began as a Tengu Fire Elementalist on Mar 8, 2021.
             Was a Follower of Sif Muna.
             Shot with an arrow by a centaur (10 damage)
             ... on level 7 of the Dungeon.
             The game lasted 00:23:48 (6701 turns).

rednaxela the Destroyer (Tengu Fire Elementalist)   Turns: 6701, Time: 00:23:48

Health: -4/45      AC: 10    Str:  9    XL:     9   Next: 1%
Magic:  3/19       EV: 19    Int: 18    God:    Sif Muna [*.....]
Gold:   265        SH:  0    Dex: 21    Spells: 10/20 levels left

rFire    . . .     SeeInvis .   j - +0 trident
rCold    + . .     Faith    .   (no shield)
rNeg     . . .     Spirit   .   a - +0 robe
rPois    .         Reflect  .   (helmet restricted)
rElec    .         Harm     .   A - +0 cloak
rCorr    .         Rampage  .   w - +2 pair of gloves of Fashionability {rC+ Dex+6}
Will     .....                  (boots unavailable)
Stlth    ++........             d - amulet of regeneration
HPRegen  1.15/turn              h - +4 ring of evasion
MPRegen  0.16/turn              B - +4 ring of protection

@: flying quickly and evasively, quick
A: beak, talons 3, able to fly
a: Stop Flying, Renounce Religion, Channel Magic


You were on level 7 of the Dungeon.
You worshipped Sif Muna.
Sif Muna was aware of your devotion.
You visited 2 branches of the dungeon, and saw 8 of its levels.

You collected 265 gold pieces.

Inventory:

Hand Weapons
 j - a +0 trident (weapon)
   (You found it on level 2 of the Dungeon)
Missiles
 i - 2 throwing nets {!f}
 m - 3 atropa-tipped darts
Armour
 a - a +0 robe (worn)
 w - the +2 pair of gloves of Fashionability (worn) {rC+ Dex+6}
   (You found it on level 5 of the Dungeon)

   It affects your dexterity (+6).
   It protects you from cold.
 A - a +0 cloak (worn)
   (You found it on level 5 of the Dungeon)
Jewellery
 d - an amulet of regeneration (around neck)
   (You found it on level 1 of the Dungeon)
 h - a +4 ring of evasion (left hand)
   (You found it on level 1 of the Dungeon)
 l - a ring of positive energy
   (You found it on level 1 of the Dungeon)
 s - a ring of protection from fire
   (You found it on level 4 of the Dungeon)
 x - a ring of willpower
   (You found it on level 5 of the Dungeon)
 y - a ring of see invisible
   (You found it on level 5 of the Dungeon)
 B - a +4 ring of protection (right hand)
   (You found it on level 6 of the Dungeon)
Wands
 C - a wand of flame (11) {@v4}
   (You found it on level 6 of the Dungeon)
Scrolls
 e - 3 scrolls of magic mapping {@r5 !r}
 f - 4 scrolls of teleportation {@r3 !r}
 g - 2 scrolls of immolation
 k - 3 scrolls of blinking {@r4}
 q - 2 scrolls of amnesia {unknown}
 u - 2 scrolls of identify {@r1}
 v - a scroll of fog {unknown}
 D - a scroll of summoning {unknown}
Potions
 b - 4 potions of curing {unknown}
 c - 2 potions of mutation {unknown}
 n - 2 potions of lignification {unknown}
 o - 2 potions of heal wounds {unknown}
 p - a potion of might {unknown}
 r - 2 potions of attraction {unknown}
 t - a potion of haste {unknown}
 z - 2 potions of ambrosia {unknown}


   Skills:
 - Level 2.1 Dodging
 - Level 2.0 Stealth
 + Level 6.0 Spellcasting
 + Level 8.8 Conjurations
 + Level 7.6 Fire Magic


You had 10 spell levels left.
You knew the following spells:

 Your Spells              Type           Power      Damage    Failure   Level
a - Foxfire               Conj/Fire      100%       2x1d9     1%          1
b - Sticky Flame          Conj/Fire      35%        2d5       4%          4
c - Fireball              Conj/Fire      17%        3d9       11%         5

Your spell library contained the following spells:

 Spells                   Type           Power      Damage    Failure   Level
 Conjure Flame            Conj/Fire      35%        6-21      1%          3
 Inner Flame              Hex/Fire       19%        N/A       8%          3


Dungeon Overview and Level Annotations

Branches:
Dungeon (7/15)             Temple (1/1) D:4

Altars:
Ashenzari
Cheibriados
Dithmenos
Elyvilon
Fedhas
Gozag
Hepliaklqana
Kikubaaqudgha
Makhleb
Nemelex Xobeh
Okawaru
Qazlal
Ru
Sif Muna
Trog
Uskayaw
Wu Jian
Xom
Yredelemnul
Zin

Shops:
D:6 [

Annotations:
D:3 1 runed translucent door, Aerich's ghost, weakling VSCj


Innate Abilities, Weirdness & Mutations

You have a beak for a mouth.
You have claws for feet.
You can fly continuously.


Message History

The scorpion burns! x2
You kill the scorpion!
The giant cockroach barely misses you.
Casting: Sticky Flame (dangerous; 4% risk of failure)
Confirm with . or Enter, or press ? or * to list all spells.
Aiming: Sticky Flame (dangerous; 4% risk of failure)
Press: ? - help, Shift-Dir - straight line, f - giant cockroach
Aim: a giant cockroach (0% to evade)
The sticky flame hits the giant cockroach!
You kill the giant cockroach!
You reach down and open the door.
There is an open door here.
You reach down and open the door.
There is an open door here.
Found a dagger and an arbalest.
A hound, 2 orcs and an orc wizard come into view.
The orc shouts!
You hear a shout! x2; The orc shouts!
You hear a shout!
The orc wizard shouts!
The hound barks!
A centaur comes into view.
An orc wizard comes into view. It is wielding a +0 dagger.
The centaur wields a +0 shortbow.
The centaur shoots an arrow.
The arrow hits you.
The orc moves out of view.
Found a rapier and a dagger.
There is an open door here.
An orc warrior comes into view. It is wielding a +0 battleaxe.
The centaur shoots an arrow.
The arrow barely misses you.
Found 2 red potions.
There is an open door here.
The centaur shoots an arrow.
The arrow completely misses you.
The centaur shoots an arrow.
The arrow barely misses you.
Casting: Sticky Flame (dangerous; 4% risk of failure)
Confirm with . or Enter, or press ? or * to list all spells.
Aiming: Sticky Flame (dangerous; 4% risk of failure)
Press: ? - help, Shift-Dir - straight line, f - orc wizard
Aim: an orc wizard, wielding a +0 dagger and wearing a +0 robe (0% to evade)
The sticky flame hits the orc wizard.
The orc wizard is heavily wounded.
The orc wizard is covered in liquid flames!
The orc wizard burns!
Casting: Sticky Flame (dangerous; 4% risk of failure)
Confirm with . or Enter, or press ? or * to list all spells.
Aiming: Sticky Flame (dangerous; 4% risk of failure)
Press: ? - help, Shift-Dir - straight line, f - orc warrior, p - orc wizard
Aim: an orc warrior, wielding a +0 battleaxe and wearing a +0 plate armour (0% to evade)
The sticky flame hits the orc warrior.
The orc warrior is lightly wounded.
The orc warrior is covered in liquid flames!
The orc warrior burns!
The orc wizard burns!
You kill the orc wizard!
The orc warrior burns!
There is an open door here.
You reach down and close the door.
An orc warrior opens the door.
You reach down and close the door.
An orc warrior opens the door.
You reach down and close the door.
An orc warrior opens the door.
A worker ant comes into view.
The orc warrior hits you with a +0 battleaxe!!
Ouch! That really hurt!
* * * LOW HITPOINT WARNING * * *
There is an open door, spattered with blood here.
Casting: Sticky Flame (dangerous; 4% risk of failure)
Confirm with . or Enter, or press ? or * to list all spells.
Aiming: Sticky Flame (dangerous; 4% risk of failure)
Press: ? - help, Shift-Dir - straight line, f/p - orc warrior
Aim: an orc warrior, wielding a +0 battleaxe and wearing a +0 plate armour (heavily wounded, 0% to evade)
The sticky flame hits the orc warrior.
The orc warrior is severely wounded.
The orc warrior is covered in liquid flames!
The orc warrior burns!
The orc warrior hits you with a +0 battleaxe!!
* * * LOW HITPOINT WARNING * * *
The orc warrior burns!
You kill the orc warrior!
The orc wizard gestures at itself while chanting.
The orc wizard flickers and vanishes!
Deactivating autopickup; reactivate with Ctrl-A.
Your Spellcasting skill increases to level 6!
Casting: Sticky Flame (dangerous; 4% risk of failure)
Confirm with . or Enter, or press ? or * to list all spells.
Aiming: Sticky Flame (dangerous; 4% risk of failure)
Press: ? - help, Shift-Dir - straight line, f - hound
Aim: a hound (0% to evade)
The sticky flame hits the hound.
The hound is moderately wounded.
The hound is covered in liquid flames!
The hound burns!
The hound closely misses you.
The hound burns!
The hound completely misses you.
The hound burns!
You kill the hound!
You have reached level 9!
Your experience leads to an increase in your attributes!
Your base attributes are Str 9, Int 17, Dex 15.
Increase (s)trength, (i)ntelligence, or (d)exterity?
You feel clever.
The centaur shoots an arrow.
The arrow closely misses you.
The orc throws a boomerang.
The boomerang hits you.
* * * LOW HITPOINT WARNING * * *
The centaur shoots an arrow.
The orc throws a boomerang.
The boomerang hits you but does no damage.
The centaur shoots an arrow.
The arrow hits you!
You die...

#..## #.######## ..)
##.## #..).....# .)..
#†.# #........# ####.)..
##.## #........#
#....... #..# #........#
#....... ##.#
##........###....... #.#
#.........cBo.......
#.###.........###)......
#..##..@....o.# #.......
##.##..######## o.......
#).#..# ........ ##)#..#
...o..... #....#
......... ##...#
....)..##. #...#
#.......# ##..###.#


You could see a centaur and an orc.

Vanquished Creatures
  2 ice beasts
  A sky beast (D:5)
  2 orc warriors
  2 centaurs
  2 phantoms
  2 bullfrogs
  A scorpion (D:7)
  2 howler monkeys
  A centaur zombie (D:5)
  2 jellies
  A bullfrog zombie (D:6)
  A hound (D:7)
  A centaur skeleton (D:5)
  2 iguanas
  5 orc wizards
  4 worker ants
  A hound skeleton (D:4)
  4 adders
  A howler monkey skeleton (D:7)
  2 shadow imps
  A white imp (D:5)
  An ufetubus (D:5)
  An ooze (D:1)
  3 worms
  An adder skeleton (D:6)
  2 dart slugs (D:1)
  2 leopard geckos
  9 orcs
  2 ball pythons
  6 giant cockroaches
  9 goblins
  7 hobgoblins
  4 jackals
  5 quokkas
  11 bats
  8 frilled lizards
  2 kobolds
  A quokka skeleton (D:6)
  A quokka zombie (D:6)
  6 rats
121 creatures vanquished.

Vanquished Creatures (others)
  191 foxfires
191 creatures vanquished.

Grand Total: 312 creatures vanquished

Notes
Turn   | Place    | Note
-------+----------+-------------------------------------------
     0 | D:1      | rednaxela the Tengu Fire Elementalist began the quest for
                  | the Orb.
     0 | D:1      | Reached XP level 1. HP: 10/10 MP: 4/4
     0 | D:1      | Upgraded the game from 0.27-a0-550-ge92ec0ca06 to
                  | 0.27-a0-562-g0d39f094a4
    67 | D:1      | Reached skill level 2 in Conjurations
   236 | D:1      | Reached XP level 2. HP: 15/15 MP: 3/6
   241 | D:1      | Reached skill level 3 in Conjurations
   489 | D:1      | Reached XP level 3. HP: 19/19 MP: 3/7
  1213 | D:2      | Reached XP level 4. HP: 24/24 MP: 6/8
  1218 | D:2      | Learned a level 4 spell: Sticky Flame
  1925 | D:3      | Reached skill level 4 in Conjurations
  2062 | D:3      | Found a bloodstained altar of Trog.
  2115 | D:3      | Reached skill level 4 in Fire Magic
  2344 | D:3      | Found a runed translucent door.
  2345 | D:3      | Noticed Aerich's ghost (weakling VSCj)
  2685 | D:4      | Gained mutation: You can fly continuously. [Tengu growth]
  2685 | D:4      | Reached XP level 5. HP: 28/28 MP: 6/10
  3032 | D:4      | Reached skill level 3 in Spellcasting
  3404 | D:4      | Found a staircase to the Ecumenical Temple.
  3410 | Temple   | Entered the Ecumenical Temple
  3658 | Temple   | Became a worshipper of Sif Muna the Loreminder
  3805 | D:5      | Entered Level 5 of the Dungeon
  3965 | D:5      | Identified the +2 pair of gloves of Fashionability {rC+
                  | Dex+6}
  3983 | D:5      | Reached skill level 5 in Conjurations
  3983 | D:5      | Reached XP level 6. HP: 32/32 MP: 4/12
  4345 | D:5      | Found a shadowy altar of Dithmenos.
  4464 | D:5      | Noticed an ice beast
  4473 | D:5      | Killed an ice beast
  4474 | D:5      | Reached skill level 5 in Fire Magic
  4662 | D:5      | Reached skill level 4 in Spellcasting
  4662 | D:5      | Reached XP level 7. HP: 31/36 MP: 5/14
  4808 | D:5      | Reached skill level 6 in Conjurations
  5130 | D:5      | Reached skill level 6 in Fire Magic
  5449 | D:6      | Reached skill level 7 in Conjurations
  5449 | D:6      | Reached XP level 8. HP: 41/41 MP: 11/16
  5453 | D:6      | Reached skill level 5 in Spellcasting
  5570 | D:5      | Learned a level 5 spell: Fireball
  5784 | D:6      | Reached * piety under Sif Muna
  5912 | D:6      | Found Tylasseng's Antique Armour Boutique.
  6001 | D:6      | Found a sacrificial altar of Ru.
  6285 | D:7      | Reached skill level 8 in Conjurations
  6285 | D:7      | Reached skill level 7 in Fire Magic
  6327 | D:7      | Found a shimmering blue altar of Sif Muna.
  6693 | D:7      | HP: 1/41 [orc warrior/+0 battleaxe (18)]
  6695 | D:7      | Reached skill level 6 in Spellcasting
  6698 | D:7      | Reached XP level 9. HP: 6/45 MP: 2/19
  6701 | D:7      | Shot with an arrow by a centaur

Illustrated notes

Levels and vault maps discovered:
D:1:      minmay_arrival_up_and_down, layout_rooms, minmay_fountain_box
D:2:      layout_rooms
D:3:      layout_loops_corners, nicolae_overflow_hidden_temple,
          gammafunk_ghost_grave, kennysheep_generic_room_4
D:4:      layout_loops_corners, minmay_temple_entry_fiery
D:5:      layout_loops_cross, nicolae_dithmenos_the_darkroom
D:6:      layout_rooms, overflow_temple_1_default, serial_shops,
          nicolae_shop_statue_plus
D:7:      layout_basic, lemuel_blue_sif_altar
Temple:   dpeg_five_rooms_temple

Skill      XL: |  1  2  3  4  5  6  7  8 |
---------------+-------------------------+-----
Conjurations   | 2 3 4 5 7 8 |  8.8
Fire Magic     | 4 5 6 7 |  7.6
Spellcasting   | 3 4 6 |  6.0
Dodging        | |  2.1
Stealth        | |  2.0

Action                   |  1- 3 |  4- 6 |  7- 9 || total
-------------------------+-------+-------+-------++-------
Melee: Peck              |     1 |       |    16 ||    17
       Unarmed           |     1 |       |       ||     1
       Trident           |       |     8 |    84 ||    92
       Kick              |       |     3 |    38 ||    41
 Cast: Foxfire           |    50 |    59 |     1 ||   110
       Sticky Flame      |       |     9 |    37 ||    46
 Abil: Fly               |       |     1 |       ||     1
  Use: Scroll            |     3 |       |     1 ||     4
Armor: Robe              |     6 |     9 |    41 ||    56
Dodge: Dodged            |    25 |    61 |   120 ||   206

Table legend: (Time is in decaauts)
 A = Elapsed time spent in this place.
 B = Non-inter-level travel time spent in this place.
 C = Inter-level travel time spent in this place.
 D = Time resting spent in this place.
 E = Time spent auto-exploring this place.
 F = Levels seen in this place.
 G = Mean time per level.
                   A        B        C        D        E       F      G
               +--------+--------+--------+--------+--------+-----+--------+
         Total |   6606 |   6137 |    469 |    452 |   4490 |   8 |  825.8 |
       Dungeon |   6324 |   5918 |    406 |    452 |   4274 |   7 |  903.4 |
        Temple |    281 |    218 |     63 |      0 |    216 |   1 |  281.0 |
               +--------+--------+--------+--------+--------+-----+--------+

Top non-repeatable levels by time:
     D:5: 1394 daAuts
     D:4: 1170 daAuts
     D:3: 1158 daAuts
     D:1: 918 daAuts
     D:6: 778 daAuts
     D:2: 483 daAuts
     D:7: 421 daAuts
  Temple: 281 daAuts
